 Dungeon Crawl Stone Soup version 0.27-a0-1202-ge72e49191c (webtiles) character file.

Game seed: 16730226826427642517

576 polve the Skirmisher (level 7, -1/55 HPs)
             Began as a Demonspawn Abyssal Knight on June 2, 2021.
             Was a Believer of Lugonu.
             Slain by an ogre
             ... wielding a +0 giant spiked club
              (26 damage)
             ... on level 3 of the Dungeon.
             The game lasted 00:06:18 (6819 turns).

polve the Skirmisher (Demonspawn Abyssal Knight)    Turns: 6819, Time: 00:06:18

Health: -1/55      AC: 10    Str: 14    XL:     7   Next: 12%
Magic:  8/8        EV: 10    Int: 19    God:    Lugonu [**....]
Gold:   268        SH:  4    Dex: 13    Spells: 6/6 levels left

rFire    . . .     SeeInvis .   r - +0 rapier
rCold    . . .     Faith    .   b - +0 buckler
rNeg     . . .     Spirit   .   l - +0 ring mail
rPois    .         Reflect  .   p - +2 helmet
rElec    .         Harm     .   (no cloak)
rCorr    .         Rampage  .   o - +0 pair of gloves
Will     .....                  (no boots)
Stlth    +.........             (no amulet)
HPRegen  0.18/turn              c - +6 ring of intelligence
MPRegen  0.11/turn              (no ring)

@: no status effects
A: hooves 1, spiny 2
a: Renounce Religion, Depart the Abyss, Bend Space


You were on level 3 of the Dungeon.
You worshipped Lugonu.
Lugonu was pleased with you.
You visited 1 branch of the dungeon, and saw 5 of its levels.
You visited the Abyss 1 time.

You collected 268 gold pieces.

Inventory:

Hand Weapons
 r - a +0 rapier (weapon)
Armour
 b - a +0 buckler (worn)
 l - a +0 ring mail (worn)
 o - a +0 pair of gloves (worn)
 p - a +2 helmet (worn)
Jewellery
 c - a +6 ring of intelligence (left hand)
Wands
 g - a wand of flame (13)
 q - a wand of polymorph (7)
Scrolls
 f - 2 scrolls of teleportation {unknown}
 h - 4 scrolls of identify {unknown}
 i - a scroll of summoning {unknown}
 j - 2 scrolls of magic mapping {unknown}
 m - 2 scrolls of amnesia {unknown}
 n - a scroll of vulnerability {unknown}
Potions
 d - a potion of lignification
 e - a potion of invisibility


   Skills:
 + Level 4.9 Fighting
 - Level 4.0 Short Blades
 - Level 4.0 Armour
 - Level 0.8 Dodging
 + Level 2.7 Shields
 - Level 2.4 Invocations


You had 6 spell levels left.
You didn't know any spells.
Your spell library contained the following spells:

 Spells                   Type           Power      Damage    Failure   Level
 Beastly Appendage        Tmut           0%         N/A       43%         1
 Wereblood                Tmut           0%         N/A       56%         2
 Spider Form              Tmut/Pois      0%         N/A       80%         3
 Ice Form                 Ice/Tmut       0%         N/A       99%         4
 Hydra Form               Tmut           0%         N/A       100%        5


Dungeon Overview and Level Annotations

Branches:
Dungeon (5/15)
 Temple: D:4-7

Altars:

Shops:
D:2 [


Innate Abilities, Weirdness & Mutations

You have large cloven feet.
You are mostly covered in sharp spines.


Message History

Done exploring.
Done exploring.
Done exploring.
Done exploring.
Done exploring.
(D) Dungeon
Where to? (Enter - D:4, ? - help)
There is a stone staircase leading up, spattered with blood here.
You climb upwards.
There is a stone staircase leading down here.
Done exploring.
Done exploring.
Done exploring.
Level map cleared.
There is a faded altar of an unknown god here.
The ogre shouts!
An ogre is nearby!
An ogre is nearby!
An ogre is nearby!
An ogre is nearby!
You hit the ogre.
The ogre is moderately wounded.
The ogre is struck by your spines.
The ogre hits you with a +0 giant spiked club!!
You hit the ogre.
The ogre is heavily wounded.
The ogre hits you with a +0 giant spiked club!
You barely miss the ogre.
The ogre is heavily wounded.
The ogre is struck by your spines.
The ogre hits you with a +0 giant spiked club.
You hit the ogre. You kick the ogre, but do no damage.
The ogre is almost dead.
You barely miss the ogre.
The ogre is almost dead.
You block the ogre's attack.
You hit the ogre.
The ogre is almost dead.
The ogre hits you with a +0 giant spiked club!!
You die...

,**,,,,,,*
*,******,*,**
,**,(,,,,*
*,,,,,,,,,,,*
,**,,,,,,***
********,*,**
,**,,,,,,,,* *,*,*
,**,,,,,,.,* *,*,*
,*******,..#######
*,*,* ,* *,........#
*,*,* .#
**,........### *,*,*
.# *,,......O@..#
*,*,* .#
*,*........#.# *,*,*
.# *,*........#.#
*,*,* .#
*,*........#.# *,*,*
.# *O*........#.#
*,*,* .#
*,*.......<#.# *,*,*
.######.*#########.#
#.#,* ........* #.#
#.#.#
.#################.##
### #.#.#


You could see an ogre.

Vanquished Creatures
  Duvessa (D:4)
  2 ogres
  A scorpion (D:5)
  Dowan (D:4)
  A hound (D:5)
  Robin (D:2)
  5 adders
  A worm (D:4)
  4 dart slugs
  5 orcs (D:4)
  8 endoplasms
  3 giant cockroaches
  18 goblins
  7 hobgoblins
  7 jackals
  2 quokkas (D:1)
  6 ball pythons
  5 bats
  7 kobolds
  9 rats
94 creatures vanquished.

Notes
Turn   | Place    | Note
-------+----------+-------------------------------------------
     0 | Abyss:1  | polve the Demonspawn Abyssal Knight began the quest for the
                  | Orb.
     0 | Abyss:1  | Reached XP level 1. HP: 18/18 MP: 2/2
    47 | Abyss:1  | Noticed a spatial vortex
    47 | Abyss:1  | Noticed a spatial vortex
    47 | Abyss:1  | Noticed a spatial vortex
    48 | Abyss:1  | Noticed a spatial vortex
    48 | Abyss:1  | Noticed a spatial vortex
    48 | Abyss:1  | Noticed a spatial vortex
   152 | Abyss:1  | Noticed a wretched star
   191 | Abyss:1  | Noticed a small abomination
   191 | Abyss:1  | Noticed a smoke demon
   199 | D:1      | Escaped the Abyss
   794 | D:1      | Gained mutation: You are partially covered in sharp spines.
                  | [demonic ancestry]
   794 | D:1      | Reached XP level 2. HP: 22/24 MP: 3/3
  1061 | D:1      | Reached * piety under Lugonu
  1486 | D:2      | HP: 1/24 [poisoned by an adder]
  1793 | D:2      | Reached XP level 3. HP: 17/29 MP: 4/4
  2551 | D:2      | Found Loulubbi's Antique Armour Shop.
  2794 | D:2      | Noticed Robin
  2801 | D:2      | Gained mutation: You are mostly covered in sharp spines.
                  | [demonic ancestry]
  2801 | D:2      | Reached XP level 4. HP: 26/35 MP: 5/5
  2808 | D:2      | Killed Robin
  2993 | D:2      | Reached ** piety under Lugonu
  3397 | D:3      | Found a faded altar of an unknown god.
  3611 | D:3      | Reached XP level 5. HP: 41/41 MP: 6/6
  4080 | D:4      | Noticed an ogre
  4093 | D:4      | Killed an ogre
  4094 | D:4      | Reached skill level 1 in Shields
  4478 | D:4      | Noticed an ogre
  4503 | D:5      | Entered Level 5 of the Dungeon
  4516 | D:5      | HP: 3/63 [hound (3)]
  4824 | D:5      | Noticed an ogre
  4842 | D:5      | Killed an ogre
  4843 | D:5      | Reached XP level 6. HP: 8/49 MP: 7/7
  5284 | D:5      | Noticed Duvessa
  5284 | D:5      | Noticed Dowan
  6425 | D:4      | Killed Duvessa
  6426 | D:4      | Gained mutation: You have large cloven feet. [demonic
                  | ancestry]
  6426 | D:4      | Reached XP level 7. HP: 29/55 MP: 8/8
  6431 | D:4      | Killed Dowan
  6718 | D:3      | Found a faded altar of an unknown god.
  6819 | D:3      | Slain by an ogre

Illustrated notes

Levels and vault maps discovered:
D:1:      erik_arrival_cave_to_civilisation [erik_arrival_cave_to_hall],
          layout_basic, minmay_small_reverse_x
D:2:      layout_basic, serial_shops, shop, uniq_robin
D:3:      kennysheep_the_goblin_king, layout_basic,
          shapermc_ecumenical_altar_venn, minmay_goblin_kobold_house
D:4:      layout_loops_corners
D:5:      layout_cave_pools, grunt_decor_arrowhead, uniq_duvessa,
          uniq_blork_the_orc

Skill      XL: |  1  2  3  4  5  6  7 |
---------------+----------------------+-----
Short Blades   | 2 3 4 |  4.0
Armour         | 2 3 4 |  4.0
Fighting       | 4 |  4.9
Shields        | 1 2 |  2.7
Dodging        | |  0.8
Invocations    | |  2.4

Action                   |  1- 3 |  4- 6 |  7- 9 || total
-------------------------+-------+-------+-------++-------
Melee: Short sword       |    78 |   152 |     6 ||   236
       Unarmed           |       |     8 |       ||     8
       Rapier            |       |       |     6 ||     6
       Kick              |       |       |     1 ||     1
Invok: Depart the Abyss  |     1 |       |       ||     1
       Bend Space        |       |     3 |       ||     3
  Use: Potion            |     4 |     5 |       ||     9
Armor: Leather armour    |    10 |       |       ||    10
       Ring mail         |     2 |    34 |     3 ||    39
       Skin              |       |     3 |       ||     3
Dodge: Dodged            |    44 |    51 |     1 ||    96
Block: Buckler           |       |    15 |     1 ||    16

Table legend: (Time is in decaauts)
 A = Elapsed time spent in this place.
 B = Non-inter-level travel time spent in this place.
 C = Inter-level travel time spent in this place.
 D = Time resting spent in this place.
 E = Time spent auto-exploring this place.
 F = Levels seen in this place.
 G = Mean time per level.
                   A        B        C        D        E       F      G
               +--------+--------+--------+--------+--------+-----+--------+
         Total |   6739 |   6491 |    248 |    101 |   5628 |   6 | 1123.2 |
       Dungeon |   6540 |   6292 |    248 |    101 |   5480 |   5 | 1308.0 |
         Abyss |    199 |    199 |      0 |      0 |    148 |   1 |  199.0 |
               +--------+--------+--------+--------+--------+-----+--------+

Top non-repeatable levels by time:
     D:2: 1520 daAuts
     D:1: 1520 daAuts
     D:3: 1385 daAuts
     D:4: 1325 daAuts
     D:5: 788 daAuts
 Abyss:1: 199 daAuts
